 Dungeon Crawl Stone Soup version 0.29.0-5-ge4962eb29e (webtiles) character file.

Game seed: 10569338291922145197

177 ImASeal the Trooper (level 5, -5/53 (55) HPs)
             Began as a Troll Berserker on Aug 28, 2022.
             Was a Priest of Trog.
             Slain by an iguana (10 damage)
             ... on level 4 of the Dungeon.
             The game lasted 00:08:47 (1584 turns).

ImASeal the Trooper (Troll Berserker)               Turns: 1584, Time: 00:08:48

HP:   -5/53 (55)    AC:  4    Str: 27    XL:     5   Next: 31%
MP:   4/4           EV: 10    Int:  3    God:    Trog [***...]
Gold: 91            SH:  0    Dex:  9    Spells: 4/4 levels left

rFire   . . .      SeeInvis .   a - +0 mace
rCold   . . .      Faith    +   (no shield)
rNeg    . . .      Spirit   .   b - +0 animal skin
rPois   .          Reflect  .   (helmet restricted)
rElec   .          Harm     .   (no cloak)
rCorr   .          Rampage  .   (gloves unavailable)
Will    .....                   (boots unavailable)
Stlth   +.........              i - amulet of faith
HPRegen 0.97/turn               (no ring)
MPRegen 0.09/turn               (no ring)

@: lightly drained
A: large, unfitting armour, claws 3, regeneration 1, shaggy fur 1, tough skin 1
a: Renounce Religion, Berserk, Trog's Hand


You were on level 4 of the Dungeon.
You worshipped Trog.
Trog was most pleased with you.
You visited 1 branch of the dungeon, and saw 3 of its levels.

You collected 91 gold pieces.

Inventory:

Hand Weapons
 a - a +0 mace (weapon)
Armour
 b - a +0 animal skin (worn)
Jewellery
 i - an amulet of faith (around neck)
Scrolls
 d - a scroll of immolation {unknown}
 g - a scroll of magic mapping {unknown}
 j - 4 scrolls of identify {unknown}
 m - 2 scrolls of vulnerability {unknown}
Potions
 c - a potion of curing
 f - a potion of flight {unknown}
 h - 2 potions of haste {unknown}
 n - a potion of invisibility {unknown}


   Skills:
 + Level 4.7 Fighting
 - Level 2.6 Maces & Flails
 - Level 2.4 Dodging
 + Level 1.0 Stealth


You had 4 spell levels left.
You didn't know any spells.
Your spell library was empty.

Dungeon Overview and Level Annotations

Branches:
Dungeon (4/15)
 Temple: D:4-7

Altars:


Innate Abilities, Weirdness & Mutations

You are too large for most types of armour.
You have claws for hands.
Your natural rate of healing is unusually fast.
You are covered in fur. (AC +1)
You have tough skin. (AC +1)


Message History

You hit the dart slug.
You kill the dart slug!
Trog accepts your kill.
c - 2 potions of curing (gained 1)
You start resting.
Your attacks no longer feel as feeble.
You start resting.
An endoplasm comes into view.
You are too injured to fight recklessly!
An endoplasm is nearby!
An endoplasm is nearby!
An endoplasm is nearby!
Found a potion of curing.
The iguana hisses angrily.
The endoplasm quivers.
The endoplasm freezes you.
You are frozen.
You are too injured to fight recklessly!
You are too injured to fight recklessly!
You are too injured to fight recklessly!
You hit the endoplasm.
The endoplasm is moderately wounded.
The iguana bites you but does no damage.
The endoplasm freezes you.
You are frozen.
You hit the endoplasm.
The endoplasm is almost dead.
The endoplasm misses you. The iguana bites you!
* * * LOW HITPOINT WARNING * * *
You hit the endoplasm.
You kill the endoplasm!
Trog accepts your kill. The iguana bites you!
* * * LOW HITPOINT WARNING * * *
The iguana bites you.
* * * LOW HITPOINT WARNING * * *
You feel better. The iguana bites you.
* * * LOW HITPOINT WARNING * * *
The iguana attacks as you move away! The iguana bites you!
You die...

####...## ... ....#
#.# ....# #.# #.#.#
# #.# #.#.## .#
####.###.#..#.#
##.............#
#..................
#.@###....#..#.####
#l.# #.####..#.#
#..# #.# #..# #
#..# #.# #..# #...
..# #..# ..!. ...
...# #..# ....


You could see an iguana.

Vanquished Creatures
  An iguana (D:4)
  Natasha (thrice) (D:2)
  A gnoll (D:4)
  2 worms (D:2)
  5 dart slugs
  2 orcs (D:4)
  5 endoplasms
  2 giant cockroaches
  3 goblins
  6 hobgoblins
  4 quokkas
  3 ball pythons
  A bat (D:2)
  3 frilled lizards (D:1)
  9 kobolds
  4 rats
54 creatures vanquished.

Notes
Turn   | Place    | Note
-------+----------+-------------------------------------------
     0 | D:1      | ImASeal the Troll Berserker began the quest for the Orb.
     0 | D:1      | Reached XP level 1. HP: 22/22 MP: 0/0
   125 | D:1      | Reached skill level 3 in Fighting
   125 | D:1      | Reached XP level 2. HP: 31/31 MP: 1/1
   399 | D:1      | Reached ** piety under Trog
   433 | D:1      | Reached XP level 3. HP: 37/37 MP: 2/2
   784 | D:2      | Noticed Natasha
   789 | D:2      | Killed Natasha
   987 | D:2      | Found a faded altar of an unknown god.
  1022 | D:2      | Noticed Natasha
  1028 | D:2      | Reached XP level 4. HP: 48/48 MP: 3/3
  1045 | D:2      | Killed Natasha
  1046 | D:2      | Reached skill level 4 in Fighting
  1258 | D:2      | Noticed Natasha
  1269 | D:2      | Killed Natasha
  1381 | D:2      | You fall into a shaft and drop 2 floors!
  1408 | D:4      | Reached *** piety under Trog
  1427 | D:4      | Reached skill level 1 in Stealth
  1427 | D:4      | Reached XP level 5. HP: 43/55 MP: 4/4
  1550 | D:4      | HP: 1/53 [orc priest/+0 dagger (3)]
  1582 | D:4      | HP: 2/53 [iguana (3)]
  1584 | D:4      | Slain by an iguana

Illustrated notes

Levels and vault maps discovered:
D:1:      saegor_arrival_miasma, layout_basic, minmay_misc_feat_hallway,
          minmay_box_of_dots
D:2:      layout_basic, shapermc_ecumenical_altar_pompeii, uniq_natasha
D:4:      layout_loops_ring, lemuel_zombie_altar_yredelemnul

Skill      XL: |  1  2  3  4 |
---------------+-------------+-----
Fighting       | 3 4 |  4.7
Stealth        | 1 |  1.0
Maces & Flails | |  2.6
Dodging        | |  2.4

Action                   |  1- 3 |  4- 6 || total
-------------------------+-------+-------++-------
Melee: Mace              |    90 |    80 ||   170
       Punch             |     2 |     2 ||     4
  Use: Scroll            |       |     4 ||     4
       Potion            |       |     3 ||     3
 Stab: Sleeping          |     2 |     2 ||     4
Armor: Animal skin       |    38 |    20 ||    58
Dodge: Dodged            |    58 |    46 ||   104
